 Dungeon Crawl Stone Soup version 0.26-a0-854-gdc81c2f471 (webtiles) character file.

Game seed: 17883724540304730553

156 LabCoat the Chopper (level 5, -1/47 HPs)
             Began as a Hill Orc Fighter on Nov 24, 2020.
             Slain by a jelly (2 damage)
             ... on level 3 of the Dungeon.
             The game lasted 00:04:53 (2234 turns).

LabCoat the Chopper (Hill Orc Fighter)              Turns: 2234, Time: 00:04:53

Health: -1/47      AC:  0    Str: 20    XL:     5   Next: 38%
Magic:  5/5        EV:  3    Int:  8    God:
Gold:   154        SH: 11    Dex: 10    Spells: 4/4 levels left

rFire    . . .     SeeInvis .   a - +0 war axe
rCold    . . .     Faith    .   k - +2 kite shield
rNeg     . . .     Spirit   .   q - +0 plate armour
rPois    .         Reflect  .   (no helmet)
rElec    .         Harm     .   n - +0 cloak
rCorr    .         Rampage  .   m - +0 pair of gloves
MR       .....                  c - +0 pair of boots
Stlth    ..........             (no amulet)
HPRegen  0.15/turn              (no ring)
MPRegen  0.09/turn              (no ring)

@: corroded, slowed, very slow
A: no striking features
a: no special abilities


You were on level 3 of the Dungeon.
You visited 1 branch of the dungeon, and saw 3 of its levels.

You collected 154 gold pieces.

Inventory:

Hand Weapons
 a - a +0 war axe (weapon)
Missiles
 p - 5 boomerangs (quivered)
Armour
 c - a +0 pair of boots (worn)
 k - a +2 kite shield (worn)
 m - a +0 pair of gloves (worn)
 n - a +0 cloak (worn)
 q - a +0 plate armour (worn)
Jewellery
 b - an uncursed ring of protection from fire {unknown}
 r - an uncursed ring of see invisible {unknown}
Scrolls
 e - 2 scrolls of remove curse
 f - a scroll of immolation {unknown}
 g - 2 scrolls of teleportation
 i - a scroll of identify
Potions
 d - 3 potions of might
 h - a potion of attraction
 j - a potion of experience {unknown}
 l - 2 potions of haste {unknown}
 o - a potion of degeneration {unknown}


   Skills:
 + Level 4.3 Fighting
 * Level 5.6 Axes
 + Level 3.8 Armour
 + Level 4.0 Shields


You had 4 spell levels left.
You didn't know any spells.
Your spell library was empty.

Dungeon Overview and Level Annotations

Branches:
Dungeon (3/15)

Altars:


Message History

The jelly hits you. The acid corrodes you!
You are splashed with acid!
You hit the jelly.
Your hands burn!
* * * LOW HITPOINT WARNING * * *
The jelly is severely wounded.
You miss the frilled lizard.
The frilled lizard completely misses you.
You block the jelly's attack. The frilled lizard bites you.
* * * LOW HITPOINT WARNING * * *
The jelly barely misses you.
You hit the jelly. The acid corrodes you!
Your hands burn!
* * * LOW HITPOINT WARNING * * *
The jelly is severely wounded.
You hit the frilled lizard but do no damage.
You block the frilled lizard's attack. The jelly hits you.
* * * LOW HITPOINT WARNING * * *
The acid corrodes you!
You are splashed with acid.
* * * LOW HITPOINT WARNING * * *
The frilled lizard completely misses you.
The jelly hits you.
You die...

.#..#.# .....# #..#.# .#.#
....# .#.# ...# ....
.#####..# ..# ......Jl#...#
##@#.#.. #....#.######
#..#........# ##..#+#......#
#
############............##.#
................<..........
##########................#
.........#.###......<.....#
########.#.# #............#


You could see a jelly and a frilled lizard.

Vanquished Creatures
  Jessica (D:3)
  Terence (D:2)
  5 adders (D:2)
  3 worms (D:2)
  A dart slug (D:2)
  A leopard gecko (D:1)
  3 ball pythons (D:1)
  7 bats
  3 giant cockroaches
  5 goblins
  5 hobgoblins
  2 frilled lizards (D:1)
  7 kobolds
  6 rats
50 creatures vanquished.

Notes
Turn   | Place    | Note
-------+----------+-------------------------------------------
     0 | D:1      | LabCoat the Hill Orc Fighter began the quest for the Orb.
     0 | D:1      | Reached XP level 1. HP: 19/19 MP: 1/1
   192 | D:1      | Reached skill level 3 in Axes
   192 | D:1      | Reached XP level 2. HP: 25/27 MP: 2/2
   425 | D:1      | Reached XP level 3. HP: 33/33 MP: 3/3
   820 | D:2      | Reached skill level 4 in Axes
   884 | D:2      | Reached XP level 4. HP: 22/40 MP: 4/4
  1424 | D:2      | Found a faded altar of an unknown god.
  1518 | D:2      | Noticed Terence
  1528 | D:2      | Reached skill level 5 in Axes
  1539 | D:2      | Killed Terence
  1540 | D:2      | Reached XP level 5. HP: 30/46 MP: 5/5
  2220 | D:3      | Noticed Jessica
  2228 | D:3      | Killed Jessica
  2234 | D:3      | HP: 1/47 [acid (6)]
  2234 | D:3      | Slain by a jelly

Illustrated notes

Levels and vault maps discovered:
D:1:      lightli_arrival_statue_moat, layout_rooms
D:2:      layout_loops_corners, chequers_ecumenical_altar_twisty,
          kennysheep_generic_room_2, uniq_terence
D:3:      layout_basic, nicolae_ru_awakened_eye, uniq_jessica

Skill      XL: |  1  2  3  4  5 |
---------------+----------------+-----
Axes           | 3 4 5 |  5.6
Fighting       | 4 |  4.3
Shields        | 4 |  4.0
Armour         | |  3.8

Action                   |  1- 3 |  4- 6 || total
-------------------------+-------+-------++-------
Melee: War axe           |   102 |   116 ||   218
  Use: Scroll            |     3 |       ||     3
Armor: Scale mail        |    30 |       ||    30
       Chain mail        |    24 |    25 ||    49
       Plate armour      |       |    47 ||    47
Dodge: Dodged            |    36 |    17 ||    53
Block: Kite shield       |    68 |    69 ||   137

Table legend: (Time is in decaauts)
 A = Elapsed time spent in this place.
 B = Non-inter-level travel time spent in this place.
 C = Inter-level travel time spent in this place.
 D = Time resting spent in this place.
 E = Time spent auto-exploring this place.
 F = Levels seen in this place.
 G = Mean time per level.
                   A        B        C        D        E       F      G
               +--------+--------+--------+--------+--------+-----+--------+
         Total |   2316 |   2256 |     60 |    443 |   1310 |   3 |  772.0 |
       Dungeon |   2316 |   2256 |     60 |    443 |   1310 |   3 |  772.0 |
               +--------+--------+--------+--------+--------+-----+--------+

Top non-repeatable levels by time:
     D:2: 1481 daAuts
     D:1: 583 daAuts
     D:3: 251 daAuts
